 Dungeon Crawl Stone Soup version 0.20.0-10-g0535bb4 (webtiles) character file.

3282 Zwobot the Fighter (level 9, -2/121 HPs)
             Began as a Demonspawn Wanderer on June 4, 2017.
             Was a Believer of Ashenzari.
             Slain by a killer bee (6 damage)
             ... on level 8 of the Dungeon.
             The game lasted 00:27:17 (8559 turns).

Zwobot the Fighter (Demonspawn Wanderer)            Turns: 8559, Time: 00:27:18

Health: -2/121     AC: 24    Str: 19    XL:     9   Next: 69%
Magic:  10/10      EV:  2    Int: 17    God:    Ashenzari [**....]
Gold:   513        SH:  0    Dex: 11    Spells: 8/8 levels left

rFire    . . .     SeeInvis .   w - +1 short sword (drain) (curse)
rCold    . . .     Gourm    .   (no shield)
rNeg     + + +     Faith    .   (armour currently unavailable)
rPois    +         Spirit   .   (helmet currently unavailable)
rElec    .         Reflect  .   (cloak currently unavailable)
rCorr    .         Harm     .   (gloves currently unavailable)
MR       +....     NoTele   +   (boots currently unavailable)
Stlth    ++........             (no amulet)
Regen    0.3/turn               q - ring of wizardry
MPRegen  0.2/turn               A - ring of protection from magic

@: mighty, tree-form
A: demonic guardian 1, powered by pain 1
a: Curse Item, Scrying, Renounce Religion


You were on level 8 of the Dungeon.
You worshipped Ashenzari.
Ashenzari was pleased with you.
You were not hungry.
You were a tree.
You visited 2 branches of the dungeon, and saw 9 of its levels.
You also visited: Sewer.

You collected 513 gold pieces.

Inventory:

Hand Weapons
 a - a +2 short sword
 d - a +0 dagger
 m - a +0 dagger of venom
 w - a cursed +1 short sword of draining (weapon)
 y - a +2 hunting sling of flaming
 B - a +0 morningstar of crushing
 Q - a +4 falchion
 S - a +0 great sword
Missiles
 e - 248 stones (quivered)
 p - a throwing net
 x - 9 poisoned needles
Armour
 c - a +0 robe
 l - a +0 leather armour
 n - a +3 ring mail (melded)
 G - a +1 pair of gloves (melded)
 H - a +0 buckler
 V - a +0 pair of boots (melded)
Jewellery
 j - an uncursed amulet of harm
 q - a ring of wizardry (left branch)
 A - a ring of protection from magic (right branch)
 M - an uncursed ring of ice
Wands
 L - a wand of paralysis (0/24)
 U - a wand of iceblast (2/15)
Scrolls
 g - 2 scrolls of blinking {unknown}
 h - 2 scrolls of recharging {unknown}
 i - 3 scrolls of teleportation
 o - 2 scrolls of fear {unknown}
 v - a scroll of noise {unknown}
 I - a scroll of immolation {unknown}
 J - 2 scrolls of remove curse
 N - 2 scrolls of fog {unknown}
 R - a scroll of torment {unknown}
Potions
 b - a potion of lignification
 s - a potion of berserk rage {unknown}
 t - a potion of cancellation
 u - 3 potions of agility
 C - 4 potions of brilliance
 D - a potion of mutation
 K - 2 potions of resistance
 O - a potion of magic {unknown}
 P - a potion of haste {unknown}
Comestibles
 f - 9 bread rations
 z - 2 royal jellies
 E - 3 meat rations


   Skills:
 - Level 11.3 Fighting
 - Level 2.2(4.0) Short Blades
 - Level 1.0 Throwing
 - Level 10.3 Dodging
 + Level 3.3 Stealth
 + Level 1.7 Evocations


You had 8 spell levels left.
You didn't know any spells.

Dungeon Overview and Level Annotations

Branches:
Dungeon (8/15)             Temple (1/1) D:6
   Lair: D:8-11

Altars:
Ashenzari
Cheibriados
Dithmenos
Elyvilon
Fedhas
Gozag
Hepliaklqana
Kikubaaqudgha
Makhleb
Nemelex Xobeh
Qazlal
Ru
Sif Muna
Trog
Uskayaw
Vehumet
Xom
Yredelemnul
Zin
The Shining One

Shops:
D:4 ([[%   D:7 *


Innate Abilities, Weirdness & Mutations

((You have large cloven feet.))
((You are mostly covered in iridescent scales. (AC +4)))
A weak demonic guardian rushes to your aid.
You sometimes gain a little power by taking damage.


Message History

You focus on the pain.
You feel your power returning.
You hear an angry buzzing noise.
A killer bee comes into view.
Okay, then.
Okay, then.
You turn into a tree.
Your +1 pair of gloves melds into your body.
Your +0 pair of boots melds into your body.
Your +3 ring mail melds into your body.
Your roots penetrate the ground.
The killer bee stings you but does no damage. x2
The killer bee moves out of view.
Your iron imp hits the killer bee.
The killer bee stings you but does no damage.
You miss the killer bee.
The killer bee is moderately wounded.
The killer bee barely misses you.
The killer bee stings you but does no damage.
The hound skeleton bites you but does no damage.
Your iron imp closely misses the killer bee.
The killer bee stings you.
You die...

##†..##....#....... *,#% ,
##...##....'....... #% * *+
.....####'##.......##,#y *
.....##....###+##...##. * ,
................#...#.# ,
................#.....####.
,
##.##########..##..........
, , * *###..####y....... ,
, #.....♣yy#....... , , , ,
#.....5Z.#....... ,,
,#........#....... , ,
,,#........#.....Z. *+
##...##..#....... , , ,
,#+####..##+##... * , ,,
,,, ....# , ... , , ....# ,
..#


You could see 3 killer bees, a hound skeleton and a friendly iron imp.

Vanquished Creatures
  A queen bee (D:8)
  A hippogriff (D:7)
  2 sky beasts
  An ice beast (D:8)
  4 orc warriors
  Purgy (Sewer)
  A phantom (D:4)
  A centaur (D:5)
  A big kobold (D:8)
  A wyvern zombie (D:7)
  3 killer bees (D:8)
  A scorpion (D:4)
  3 wights (D:7)
  An electric eel (D:8)
  2 centaur zombies
  2 crimson imps
  2 bullfrog skeletons
  3 orc priests
  5 hounds
  A jelly (D:7)
  2 iguanas
  3 orc wizards
  5 worker ants
  A worker ant zombie (D:6)
  5 gnolls
  5 adders
  A shadow imp (D:6)
  2 oozes
  10 worms
  4 dart slugs
  5 leopard geckos
  12 orcs
  6 bats
  7 giant cockroaches
  5 hobgoblins
  8 quokkas
  4 ball pythons
  5 frilled lizards
  8 goblins
  A jackal skeleton (D:4)
  18 kobolds
  2 leopard gecko skeletons
  A quokka zombie (D:7)
  12 rats
169 creatures vanquished.

Vanquished Creatures (collateral kills)
  A black bear (D:8)
  An orc warrior (D:8)
  2 ogres
  The ghost of Gorglomux the Magician, an amateur OpTm (D:3)
  A bullfrog (D:8)
  A killer bee (D:8)
  2 crimson imps
  An orc wizard (D:4)
  A leopard gecko (D:3)
  7 orcs
  4 kobolds
22 creatures vanquished.

Grand Total: 191 creatures vanquished

Notes
Turn   | Place    | Note
-------+----------+-------------------------------------------
     0 | D:1      | Zwobot the Demonspawn Wanderer began the quest for the Orb.
     0 | D:1      | Zwobot set off with: a +2 short sword, 2 potions of lignification, a +0 robe, a +0 dagger, a bread ration
     0 | D:1      | Reached XP level 1. HP: 16/16 MP: 1/1
   475 | D:1      | Gained mutation: A weak demonic guardian rushes to your aid. [demonic ancestry]
   475 | D:1      | Reached XP level 2. HP: 13/22 MP: 2/2
  1061 | D:2      | Reached XP level 3. HP: 27/27 MP: 3/3
  1299 | D:3      | Found a faded altar of an unknown god.
  1333 | D:3      | Gained mutation: You have large cloven feet. [demonic ancestry]
  1333 | D:3      | Reached XP level 4. HP: 33/33 MP: 4/4
  1361 | D:3      | Found a glowing drain.
  1395 | D:3      | Noticed Gorglomux's ghost (amateur OpTm)
  1413 | D:3      | Killed Gorglomux's ghost
  1465 | D:3      | Reached skill level 5 in Dodging
  1503 | Sewer    | Entered a sewer
  1656 | Sewer    | Noticed Purgy
  1663 | Sewer    | Killed Purgy
  1663 | Sewer    | Gained mutation: You are partially covered in iridescent scales. (AC +2) [demonic ancestry]
  1663 | Sewer    | Reached XP level 5. HP: 38/38 MP: 5/5
  2693 | D:2      | Found a radiant altar of Vehumet.
  2760 | D:2      | Found a glowing golden altar of the Shining One.
  2857 | D:2      | Found a shattered altar of Ashenzari.
  2867 | D:2      | Found a glowing silver altar of Zin.
  2883 | D:2      | Became a worshipper of Ashenzari the Shackled
  3013 | D:3      | Reached XP level 6. HP: 44/44 MP: 6/6
  3531 | D:3      | Reached skill level 9 in Fighting
  3531 | D:3      | Reached skill level 10 in Dodging
  3531 | D:3      | Reached XP level 7. HP: 64/64 MP: 7/7
  3566 | D:3      | Found an opulent altar of Gozag.
  3567 | D:3      | Found a sparkling altar of Nemelex Xobeh.
  3683 | D:4      | Found a basalt altar of Yredelemnul.
  3694 | D:4      | Found a sacrificial altar of Ru.
  3874 | D:4      | Found Bucaad's Antique Weapon Emporium.
  4373 | D:4      | Found Basches's Food Emporium.
  4481 | D:4      | Found Dofunur's Armour Shop.
  4595 | D:4      | Found Zitielucw's Antique Armour Boutique.
  4831 | D:5      | Entered Level 5 of the Dungeon
  5090 | D:5      | Gained mutation: You are mostly covered in iridescent scales. (AC +4) [demonic ancestry]
  5090 | D:5      | Reached XP level 8. HP: 71/71 MP: 8/8
  5245 | D:5      | Found a stormy altar of Qazlal.
  5260 | D:5      | Found a shadowy altar of Dithmenos.
  5614 | D:5      | Reached * piety under Ashenzari
  6099 | D:5      | Reached skill level 10 in Fighting
  6513 | D:6      | Found a staircase to the Ecumenical Temple.
  6525 | Temple   | Entered the Ecumenical Temple
  7090 | D:7      | Found Lis Edap's General Store.
  7133 | D:7      | Noticed a hippogriff
  7144 | D:7      | Killed a hippogriff
  7144 | D:7      | Gained mutation: You sometimes gain a little power by taking damage. [demonic ancestry]
  7144 | D:7      | Reached XP level 9. HP: 76/79 MP: 9/9
  7762 | D:7      | Reached skill level 11 in Fighting
  7877 | D:8      | Reached ** piety under Ashenzari
  8513 | D:8      | Noticed a queen bee
  8554 | D:8      | Killed a queen bee
  8554 | D:8      | Reached skill level 1 in Evocations
  8557 | D:8      | HP: 2/81 [killer bee (13)]
  8559 | D:8      | Slain by a killer bee

Skill      XL: |  1  2  3  4  5  6  7  8  9 |
---------------+----------------------------+-----
Dodging        | 3 4 5 6 10 | 10.3
Fighting       | 9 10 11 | 11.3
Short Blades   | 2 |  2.2
Stealth        | 3 |  3.3
Evocations     | 1 |  1.7
Throwing       | |  1.0

Action                   |  1- 3 |  4- 6 |  7- 9 || total
-------------------------+-------+-------+-------++-------
Melee: Short sword       |    72 |   219 |   667 ||   958
       Kick              |       |    35 |   129 ||   164
Throw: Stone             |    15 |     5 |     6 ||    26
Invok: Curse Item        |       |     1 |       ||     1
Evoke: Wand              |       |       |     4 ||     4
  Use: Potion            |       |     2 |     7 ||     9
       Scroll            |       |     6 |     4 ||    10
 Stab: Sleeping          |     3 |       |     1 ||     4
       Distracted        |       |       |     4 ||     4
       Paralysed         |       |       |     7 ||     7
  Eat: Chunk             |     1 |     6 |    10 ||    17
       Royal jelly       |       |     1 |     1 ||     2
       Fruit             |       |       |     5 ||     5
Armor: Robe              |    12 |       |       ||    12
       Ring mail         |     7 |    73 |   199 ||   279
       Skin              |       |    11 |    37 ||    48
Dodge: Dodged            |    40 |   132 |   377 ||   549
